 Dungeon Crawl Stone Soup version 0.26-a0-1060-g086102a3f0 (webtiles) character file.

Game seed: 3366517241033568044

18 streetpizza the Conjurer (level 2, -1/15 HPs)
             Began as a Tengu Conjurer on Dec 13, 2020.
             Slain by a kobold
             ... wielding a +0 whip
              (3 damage)
             ... on level 1 of the Dungeon.
             The game lasted 00:01:53 (595 turns).

streetpizza the Conjurer (Tengu Conjurer)            Turns: 595, Time: 00:01:54

Health: -1/15      AC:  2    Str:  7    XL:     2   Next: 70%
Magic:  0/6        EV: 13    Int: 18    God:
Gold:   28         SH:  0    Dex: 12    Spells: 4/5 levels left

rFire    . . .     SeeInvis .   f - +0 hand axe
rCold    . . .     Faith    .   (no shield)
rNeg     . . .     Spirit   .   a - +0 robe
rPois    .         Reflect  .   (helmet restricted)
rElec    .         Harm     .   (no cloak)
rCorr    .         Rampage  .   (no gloves)
Will     .....                  (boots unavailable)
Stlth    ++........             (no amulet)
HPRegen  0.05/turn              (no ring)
MPRegen  0.10/turn              (no ring)

@: no status effects
A: beak, talons 3
a: no special abilities


You were on level 1 of the Dungeon.
You visited 1 branch of the dungeon, and saw 1 of its levels.

You collected 28 gold pieces.

Inventory:

Hand Weapons
 f - a +0 hand axe (weapon)
Armour
 a - a +0 robe (worn)
Jewellery
 b - an uncursed ring of see invisible {unknown}
Scrolls
 d - a scroll of random uselessness {unknown}
 e - a scroll of identify {unknown}
Potions
 c - a potion of haste {unknown}


   Skills:
 + Level 2.7 Dodging
 - Level 2.0 Stealth
 + Level 2.3 Spellcasting
 + Level 5.6 Conjurations


You had 4 spell levels left.
You knew the following spells:

 Your Spells              Type           Power        Failure   Level
a - Magic Dart            Conj           ###.         1%          1

Your spell library contained the following spells:

 Spells                   Type           Power        Failure   Level
 Searing Ray              Conj           ###...       2%          2
 Dazzling Flash           Conj/Hex       ##....       16%         3
 Fulminant Prism          Conj/Hex       ##........   47%         4
 Iskenderun's Mystic Bla  Conj/Tloc      ##......     47%         4


Dungeon Overview and Level Annotations

Branches:
Dungeon (1/15)

Altars:


Innate Abilities, Weirdness & Mutations

You have a beak for a mouth.
You have claws for feet.


Message History

The jackal is severely wounded.
The jackal completely misses you. The jackal misses you.
You hit the jackal but do no damage. You claw the jackal.
You kill the jackal!
The kobold throws a stone.
The stone hits you.
* * * LOW HITPOINT WARNING * * *
Casting: Magic Dart (safe; 1% risk of failure)
Confirm with . or Enter, or press ? or * to list all spells.
Aiming: Magic Dart (safe; 1% risk of failure)
Press: ? - help, Shift-Dir - straight line, f - kobold
Aim: a kobold, wielding a +0 whip (0% to evade)
The magic dart hits the kobold.
The kobold is moderately wounded.
Your magical contamination has completely faded away.
You closely miss the kobold. The kobold hits you with a +0 whip.
* * * LOW HITPOINT WARNING * * *
You hit the kobold.
The kobold is severely wounded.
The kobold hits you but does no damage. The kobold hits you with a +0 whip.
You die...

## #### ...# #.. ...# #..
...# #.. ...# #.. ...####
########## #..
......##############........#
#..
###.............@K...######.#
#.. #.#.#############..# #†#
#.. #.#.# #......#..# #.# ###
#.#.######.####.#..# #.#
#.#.#....#.# #.#..######K#
#.#.#.##.#.#
#.#.......#.#####
#.#.#..#.#.#
#.#.#####.#....h.
#.#.#..#.#.#
#.#.#.....#######
#[#.####.#.# #.#.......#


You could see a kobold.

Vanquished Creatures
  A leopard gecko (D:1)
  2 giant cockroaches (D:1)
  A goblin (D:1)
  A hobgoblin (D:1)
  3 jackals (D:1)
  3 kobolds (D:1)
  A bat (D:1)
  2 frilled lizards (D:1)
  2 rats (D:1)
16 creatures vanquished.

Notes
Turn   | Place    | Note
-------+----------+-------------------------------------------
     0 | D:1      | streetpizza the Tengu Conjurer began the quest for the Orb.
     0 | D:1      | Reached XP level 1. HP: 10/10 MP: 4/4
   147 | D:1      | Reached XP level 2. HP: 15/15 MP: 0/6
   595 | D:1      | Slain by a kobold

Illustrated notes

Levels and vault maps discovered:
D:1:      minmay_arrival_three_doors, layout_basic

Action                   || total
-------------------------++-------
Melee: Hand axe          ||     6
       Kick              ||     1
 Cast: Magic Dart        ||    32
Armor: Robe              ||     2
Dodge: Dodged            ||    18

Table legend: (Time is in decaauts)
 A = Elapsed time spent in this place.
 B = Non-inter-level travel time spent in this place.
 C = Inter-level travel time spent in this place.
 D = Time resting spent in this place.
 E = Time spent auto-exploring this place.
 F = Levels seen in this place.
 G = Mean time per level.
                   A        B        C        D        E       F      G
               +--------+--------+--------+--------+--------+-----+--------+
         Total |    596 |    596 |      0 |      5 |    502 |   1 |  596.0 |
       Dungeon |    596 |    596 |      0 |      5 |    502 |   1 |  596.0 |
               +--------+--------+--------+--------+--------+-----+--------+

Top non-repeatable levels by time:
     D:1: 596 daAuts
